 Dungeon Crawl Stone Soup version 0.30.0-5-g1a98f26d00 (webtiles) character file.

Game seed: 2257993933669084105

5 SnakkuSnakku7 the Magician (level 1, 0/11 HPs)
             Began as a Deep Elf Transmuter on May 10, 2023.
             Killed from afar by a dart slug (3 damage)
             ... with a slug dart
             ... on level 1 of the Dungeon.
             The game lasted 00:00:22 (135 turns).

SnakkuSnakku7 the Magician (Deep Elf Transmuter)     Turns: 135, Time: 00:00:23

Health: 0/11       AC:  2    Str:  7    XL:     1   Next: 66%
Magic:  6/6        EV: 12    Int: 17    God:
Gold:   12         SH:  0    Dex: 15    Spells: 5/6 levels left

rFire   . .          .
                       - Unarmed
rCold   + . .        (no shield)
rNeg    . . .        a - +0 robe
rPois   +            (no helmet)
rElec   .            (no cloak)
rCorr   .            (no gloves)
SInv    .            (no boots)
Will    .....        (no amulet)
Stlth   +            c - ring of protection from cold
HPRegen 0.21/turn    e - ring of poison resistance
MPRegen 0.10/turn

%: no passive effects
@: no status effects
A: no striking features
a: no special abilities


You were on level 1 of the Dungeon.
You visited 1 branch of the dungeon, and saw 1 of its levels.

You collected 12 gold pieces.

Inventory:

Armour
 a - a +0 robe (worn)
Jewellery
 c - a ring of protection from cold (left hand)
 e - a ring of poison resistance (right hand)
Scrolls
 d - a scroll of identify {unknown}
Potions
 b - a potion of lignification
 f - a potion of berserk rage {unknown}
 g - a potion of ambrosia {unknown}
 h - a potion of magic {unknown}


   Skills:
 - Level 0.7 Fighting
 - Level 2.4 Dodging
 + Level 2.6 Unarmed Combat
 - Level 3.0 Spellcasting
 + Level 2.5 Transmutations


You had 5 spell levels left.
You knew the following spells:

 Your Spells              Type           Power      Damage    Failure   Level
a - Beastly Appendage     Tmut           22%        N/A       6%          1

Your spell library contained the following spells:

 Spells                   Type           Power      Damage    Failure   Level
 Wereblood                Tmut           11%        N/A       10%         2
 Spider Form              Tmut/Pois      6%         N/A       30%         3
 Ice Form                 Ice/Tmut       6%         N/A       71%         4


Dungeon Overview and Level Annotations

Branches:
Dungeon (1/15)

Altars:


Message History

You completely miss the hobgoblin. You claw the hobgoblin.
You headbutt the hobgoblin.
You kill the hobgoblin!
You barely miss the hobgoblin. You claw the hobgoblin.
You headbutt the hobgoblin.
You kill the hobgoblin!
No target in view!
No target in view!
No target in view!
Things that are here:
a +0 mace; a hobgoblin corpse Magic restored.
Your transformation is almost over.
Your horns disappear.
Your talons disappear.
g - a purple potion
h - a sapphire potion A ball python comes into view.
A ball python is nearby!
A ball python is nearby!
The ball python hisses angrily.
A dart slug comes into view.
You hit the ball python.
The ball python is heavily wounded.
The ball python bites you. The ball python grabs you.
The ball python constricts you. The ball python barely misses you.
The ball python constricts you.
You hit the ball python.
You kill the ball python!
A kobold comes into view. It is wielding a +0 dagger.
The dart slug launches a dart at you. The slug dart hits you.
The dart slug launches a dart at you. The slug dart hits you.
* * * LOW HITPOINT WARNING * * *
You are too injured to fight recklessly!
You are too injured to fight recklessly!
The kobold throws a stone.
The stone closely misses you. The dart slug launches a dart at you.
The slug dart hits you.
You die...

#.########..####
#.# #........# ...
#.# #......^.# ..
#.#####........##..
#.......######..#.#
#.......# ##.#.#
#.......# #.#.#
#.......# #...#
#.......#
######@.###..
#.##....#
#.............
#.##....#
#.w.......####
#.##....#
#..........# #.
#....#
#........#...
######
#........####.
#........#
....K....#
..........#


You could see a dart slug and a kobold.

Vanquished Creatures
  A ball python (D:1)
  A goblin (D:1)
  2 hobgoblins (D:1)
4 creatures vanquished.

Notes
Turn   | Place    | Note
-------+----------+-------------------------------------------
     0 | D:1      | SnakkuSnakku7 the Deep Elf Transmuter began the quest for
                  | the Orb.
     0 | D:1      | Reached XP level 1. HP: 11/11 MP: 6/6
   135 | D:1      | Killed from afar by a dart slug

Illustrated notes

Levels and vault maps discovered:
D:1:      tarquinn_simple_flora_water_a, layout_basic, minmay_distorted

Action                     || total
---------------------------++-------
  Melee: Unarmed           ||     6
         Kick              ||     2
         Headbutt          ||     2
   Cast: Beastly Appendage ||     2
  Dodge: Dodged            ||     3
